 Dungeon Crawl Stone Soup version 0.23.0 (webtiles) character file.

Game seed: 6158394643468085796

46 Think the Shield-Bearer (level 3, -10/39 HPs)
             Began as an Octopode Fighter on Feb 22, 2019.
             Killed by divine providence
             ... invoked by an orc priest
              (12 damage)
             ... on level 3 of the Dungeon.
             The game lasted 00:03:06 (988 turns).

Think the Shield-Bearer (Octopode Fighter)           Turns: 988, Time: 00:03:06

Health: -10/39     AC: 21    Str: 20    XL:     3   Next: 66%
Magic:  3/3        EV:  2    Int: 10    God:
Gold:   41         SH:  9    Dex: 12    Spells: 2/2 levels left

rFire    . . .     SeeInvis .   a - +0 rapier
rCold    . . .     Gourm    .   b - +0 shield
rNeg     + + +     Faith    .   (helmet currently unavailable)
rPois    +         Spirit   .   (no amulet)
rElec    .         Reflect  .   (no ring)
rCorr    .         Harm     .   (no ring)
MR       .....     NoTele   +   (no ring)
Stlth    +.........             (no ring)
HPRegen  0.13/turn              (no ring)
MPRegen  0.08/turn              (no ring)
                                (no ring)
                                (no ring)

@: mighty, tree-form, hasted, very quick
A: almost no armour, stealthy swim, (amphibious), 8 rings, (constrict 8)
a: no special abilities


You were on level 3 of the Dungeon.
You were not hungry.
You were a tree.
You visited 1 branch of the dungeon, and saw 3 of its levels.

You collected 41 gold pieces.

Inventory:

Hand Weapons
 a - a +0 rapier (weapon)
Armour
 b - a +0 shield (worn)
Scrolls
 g - a scroll of teleportation {unknown}
 h - a scroll of immolation {unknown}
 i - a scroll of magic mapping {unknown}
 j - a scroll of fog {unknown}
 l - a scroll of identify {unknown}
Potions
 c - a potion of might
 k - a potion of mutation {unknown}
Comestibles
 d - a ration


   Skills:
 + Level 3.3 Fighting
 * Level 2.9 Short Blades
 + Level 3.3 Dodging
 + Level 3.3 Shields


You had 2 spell levels left.
You didn't know any spells.
Your spell library was empty.

Dungeon Overview and Level Annotations

Branches:
Dungeon (2/15)

Altars:


Innate Abilities, Weirdness & Mutations

You cannot wear most types of armour.
You are very stealthy in the water. (Stealth+)
((You are amphibious.))
You can wear up to eight rings at the same time.
((You can use your tentacles to constrict eight enemies at once.))
((Your skin changes colour to match your surroundings (Stealth+).))
((Your rubbery body absorbs attacks. (AC +1, EV +1)))


Message History

You hit the orc but do no damage.
You constrict the orc, but do no damage.
The orc hits you with a +0 short sword.
Your shield prevents you from hitting the orc.
You constrict the orc. The orc hits you with a +0 short sword!
* * * LOW HITPOINT WARNING * * *
The orc barely misses you.
You hit the orc. You squeeze the orc.
You kill the orc!
You feel very mighty all of a sudden. The kobold barely misses you.
Drop what? 12/52 slots (_ for help) (? for menu, Esc to quit)
Okay, then.
It was a potion of haste.
You feel yourself speed up. The kobold hits you but does no damage.
It was a potion of lignification.
You turn into a tree.
Your roots penetrate the ground.
You block the kobold's attack.
The orc priest calls down the wrath of Beogh upon you.
Beogh smites you!
You die...

##########
.........#
.........#
.........#
.........# #
.........####.#
.........#♣...#
.........#K####
.......).og#
.....l...###
.....?...#
.........#
.........#
..........
##########


You could see an orc priest, a goblin and a kobold.

Vanquished Creatures
  2 adders (D:2)
  2 orcs (D:3)
  2 bats (D:1)
  2 giant cockroaches (D:1)
  2 hobgoblins (D:1)
  3 jackals (D:1)
  A frilled lizard (D:1)
  3 goblins (D:1)
  5 kobolds (D:1)
  3 rats (D:1)
25 creatures vanquished.

Notes
Turn   | Place    | Note
-------+----------+-------------------------------------------
     0 | D:1      | Think the Octopode Fighter began the quest for the Orb.
     0 | D:1      | Reached XP level 1. HP: 16/16 MP: 1/1
   308 | D:1      | Reached XP level 2. HP: 21/21 MP: 2/2
   920 | D:2      | Reached XP level 3. HP: 26/26 MP: 3/3
   967 | D:2      | You fall through a shaft!
   984 | D:3      | HP: 1/26 [orc/+0 short sword (8)]
   988 | D:3      | Killed from afar by an orc priest

Action                   || total
-------------------------++-------
Melee: Rapier            ||    49
       Tentacles         ||     9
       Constrict         ||    14
  Use: Potion            ||     3
 Stab: Sleeping          ||     3
Armor: Skin              ||     7
Dodge: Dodged            ||    24
Block: Shield            ||    16
